AoeStats
← dnespanol3

Arabia

504842265Analyzed
3v3 RM · 26d ago on Sep 6, 2026· 29m 4s· 6 players
Game mode
Random Map
Map size
Normal (6 player)
Population
200
Speed
Normal
Resources
Standard
Victory
Conquest
Starting age
Dark Age
Ending age
Imperial Age
RankedLock teamsTeams togetherTeam positionsShared explorationLock speedFull tech treeHidden civsTurbo modeCheats
Victory
Defeat
🇷🇴 Japanese · Romania
514
+12
🇲🇽 Magyars · Mexico
454
+14
🇧🇷 Persians · Brazil
449
+14
🇬🇧 Franks · United Kingdom
444
-14
🇩🇪 Spanish · Germany
427
-14
🇩🇰 Teutons · Denmark
381
-12
Kit_tr
14:44 Feudal Age
16:09 Wheelbarrow
15:19 Horse Collar
15:25 Double-Bit Axe
15:29 Town Watch
15:30 Loom
17:12 Forging
17:08 Scale Barding Armor
19:53 Gold Mining
23:47 Castle Age
24:38 Pikeman
25:20 Squires
25:29 Squires
26:33 Hand Cart
26:31 Bow Saw
26:26 Heavy Plow
27:13 Gambesons
27:16 Arson
greninja88
0:31 Loom
14:34 Feudal Age
15:07 Double-Bit Axe
24:58 Castle Age
23:25 Gold Mining
23:29 Stone Mining
24:33 Fletching
24:54 Forging
fight for your rights
1:52 Loom
9:57 Feudal Age
11:54 Double-Bit Axe
14:26 Wheelbarrow
15:46 Horse Collar
21:36 Town Watch
25:43 Castle Age
23:41 Stone Mining
23:42 Gold Mining
dnespanol3
1:09 Loom
15:32 Feudal Age
16:51 Wheelbarrow
16:02 Town Watch
17:57 Double-Bit Axe
17:57 Horse Collar
19:44 Bloodlines
20:00 Arson
29:31 Castle Age
28:12 Scale Barding Armor
TheJoker
11:37 Feudal Age
9:54 Loom
12:54 Wheelbarrow
12:57 Horse Collar
13:50 Double-Bit Axe
23:04 Castle Age
23:51 Hand Cart
24:06 Heavy Plow
24:20 Bow Saw
TOP G Bogza
3:45 Loom
10:47 Feudal Age
11:49 Double-Bit Axe
18:16 Bloodlines
20:09 Town Watch
21:01 Wheelbarrow
20:20 Horse Collar
Connection lost

Rejoining the realm…

Still unreachable

The connection could not be restored.

Session expired

The server has moved on; the page needs a fresh start.